 Dungeon Crawl Stone Soup version 0.26.0-10-g1f06aea511 (webtiles) character file.

Game seed: 5387265294211926161

592 raph the Digger (level 7, -5/36 HPs)
             Began as a Deep Elf Earth Elementalist on Feb 5, 2021.
             Was a Believer of Zin.
             Slain by a troll (17 damage)
             ... on level 5 of the Dungeon on Feb 6, 2021.
             The game lasted 00:22:59 (7314 turns).

raph the Digger (Deep Elf Earth Elementalist)       Turns: 7314, Time: 00:22:59

Health: -5/36      AC:  9    Str:  6    XL:     7   Next: 16%
Magic:  1/14       EV: 12    Int: 23    God:    Zin [**....]
Gold:   167        SH:  0    Dex: 16    Spells: 2/13 levels left

rFire    . . .     SeeInvis .   a - +1 dagger
rCold    . . .     Faith    .   (no shield)
rNeg     . . .     Spirit   .   b - +2 leather armour {Will+}
rPois    ∞         Reflect  .   k - +1 helmet
rElec    .         Harm     .   (no cloak)
rCorr    .         Rampage  .   v - +0 pair of gloves
Will     +....                  y - +0 pair of boots
Stlth    ++........             (no amulet)
HPRegen  0.12/turn              e - ring of flight
MPRegen  0.14/turn              (no ring)

@: vitalised, about to teleport
A: no striking features
a: Renounce Religion, Evoke Flight, Recite, Vitalisation, Donate Gold


You were on level 5 of the Dungeon.
You worshipped Zin.
Zin was pleased with you.
You visited 2 branches of the dungeon, and saw 6 of its levels.

You collected 328 gold pieces.
You donated 161 gold pieces to Zin.

Inventory:

Hand Weapons
 a - a +1 dagger (weapon)
Missiles
 t - 14 stones
Armour
 b - a +2 leather armour of willpower (worn)
 c - a +0 robe
 k - a +1 helmet (worn)
 v - a +0 pair of gloves (worn)
 y - a +0 pair of boots (worn)
Jewellery
 e - a ring of flight (left hand)
 n - an uncursed ring of ice
Wands
 i - a wand of flame (10)
Scrolls
 d - a scroll of teleportation
 f - a scroll of immolation
 m - 4 scrolls of remove curse
 x - a scroll of fear
Potions
 g - a potion of attraction
 h - a potion of mutation {unknown}
 j - 2 potions of flight
 l - a potion of brilliance
 o - a potion of ambrosia {unknown}
 p - 4 potions of might
 q - 4 potions of heal wounds
 r - a potion of degeneration {unknown}
 s - 5 potions of curing {unknown}
 u - a potion of berserk rage {unknown}
 w - a potion of lignification {unknown}


   Skills:
 + Level 1.0 Armour
 - Level 2.9 Dodging
 - Level 3.0 Stealth
 - Level 3.5 Spellcasting
 - Level 3.0 Conjurations
 - Level 1.1 Transmutations
 * Level 7.7 Earth Magic


You had 2 spell levels left.
You knew the following spells:

 Your Spells              Type           Power        Failure   Level
a - Sandblast             Erth           78%          1%          1
b - Passwall              Tmut/Erth      20%          4%          2
c - Stone Arrow           Conj/Erth      58%          5%          3
d - Lee's Rapid Deconstr  Erth           19%          21%         5

Your spell library contained the following spells:

 Spells                   Type           Power        Failure   Level
 Petrify                  Tmut/Erth      24%          28%         4


Dungeon Overview and Level Annotations

Branches:
Dungeon (5/15)             Temple (1/1) D:4

Altars:
Ashenzari
Cheibriados
Elyvilon
Gozag
Hepliaklqana
Nemelex Xobeh
Trog
Uskayaw
Vehumet
Wu Jian
Xom
Yredelemnul
Zin
The Shining One

Annotations:
D:5 1 exclusion


Message History

The blast of sand hits the troll!
The troll is almost dead.
The troll closely misses you. The troll barely misses you. The troll claws you!
Unknown command.
Found 13 gold pieces.
Found a stone staircase leading up.
Found 9 stones.
Casting: Sandblast (safe; 1% risk of failure)
Confirm with . or Enter, or press ? or * to list all spells.
Aiming: Sandblast (safe; 1% risk of failure)
Press: ? - help, Shift-Dir - straight line, f - troll
Aim: a troll (severely wounded, 18% to evade)
The blast of sand misses the troll.
The troll barely misses you. The troll claws you. The troll claws you!
Unknown command.
You see here 13 gold pieces.
Okay, then.
As you read the scroll of teleportation, it crumbles to dust.
You feel strangely unstable. The troll bites you!
You die...

#..'.............................
#..#.............................
#..#.............................
...##....##########......##'#####
#...+....+.....#..#......#..#....
##..#....#(... #..#......#..'....
.#.......#... #..#......#..#....
###.........## #..#......#######.
..#.#######..###@.#.....##..####.
..#..#####.....T..+.....'.....#..
####.............<#.....#.....#..
†..#..#########...#.....#..##'##.
......# ###############.##'
...#..# #..... ####..# #.....
#...# #..... #...# #.....


You could see a troll.

Vanquished Creatures
  Eustachio (D:4)
  A scorpion (D:4)
  A bullfrog skeleton (D:5)
  A jelly (D:5)
  An orc wizard (D:3)
  2 hounds
  An orc priest (D:3)
  A worker ant zombie (D:5)
  A howler monkey skeleton (D:5)
  6 adders
  A white imp (D:5)
  2 oozes
  2 adder skeletons
  5 worms
  7 dart slugs (D:4)
  3 leopard geckos
  7 orcs
  6 bats
  3 giant cockroaches
  13 goblins
  10 hobgoblins
  A jackal (D:5)
  2 quokkas
  2 ball pythons
  6 frilled lizards
  A jackal zombie (D:5)
  8 kobolds
  2 rats (D:3)
97 creatures vanquished.

Notes
Turn   | Place    | Note
-------+----------+-------------------------------------------
     0 | D:1      | raph the Deep Elf Earth Elementalist began the quest for
                  | the Orb.
     0 | D:1      | Reached XP level 1. HP: 10/10 MP: 6/6
   700 | D:2      | Reached XP level 2. HP: 15/15 MP: 6/8
   746 | D:2      | Learned a level 2 spell: Passwall
  1033 | D:2      | Reached XP level 3. HP: 16/19 MP: 6/9
  1037 | D:2      | Learned a level 3 spell: Stone Arrow
  1662 | D:2      | Reached skill level 4 in Earth Magic
  1959 | D:1      | Reached skill level 1 in Conjurations
  1959 | D:1      | Reached XP level 4. HP: 6/24 MP: 7/11
  3499 | D:3      | Reached skill level 5 in Earth Magic
  3499 | D:3      | Reached XP level 5. HP: 28/28 MP: 7/12
  3927 | D:3      | Learned a level 5 spell: Lee's Rapid Deconstruction
  4599 | D:4      | Found a hide-covered altar of Uskayaw.
  4651 | D:4      | Noticed Eustachio
  4685 | D:4      | Killed Eustachio
  4686 | D:4      | Reached skill level 6 in Earth Magic
  4686 | D:4      | Reached XP level 6. HP: 14/32 MP: 0/13
  4936 | D:4      | Reached skill level 7 in Earth Magic
  5539 | D:4      | Found a staircase to the Ecumenical Temple.
  5552 | Temple   | Entered the Ecumenical Temple
  5876 | Temple   | Became a worshipper of Zin the Law-Giver
  5876 | Temple   | Reached * piety under Zin
  6130 | D:4      | Donated 129 gold pieces to Zin
  6137 | D:4      | Reached ** piety under Zin
  6252 | D:5      | Entered Level 5 of the Dungeon
  6496 | D:5      | Noticed an ice beast
  7073 | D:5      | Reached XP level 7. HP: 36/36 MP: 10/14
  7278 | D:5      | Noticed a troll
  7298 | D:5      | Reached skill level 1 in Armour
  7314 | D:5      | Slain by a troll

Illustrated notes

Levels and vault maps discovered:
D:1:      minmay_arrival_hallway, layout_basic, minmay_misc_feat_tower
D:2:      layout_loops_cross, minmay_hexomino_u4
D:3:      layout_loops_ring, minmay_fractal_squares_diagonal_5
D:4:      kennysheep_slugbush, layout_loops_ring, lemuel_doored_altar,
          minmay_temple_entry_water_ring, uniq_eustachio
D:5:      layout_gridville, minmay_divided_ellipse
Temple:   oiseaux_autumnal_temple

Skill      XL: |  1  2  3  4  5  6  7 |
---------------+----------------------+-----
Stealth        | 3 |  3.0
Earth Magic    | 4 5 6 7 |  7.7
Conjurations   | 1 2 3 |  3.0
Armour         | 1 |  1.0
Dodging        | |  2.9
Spellcasting   | |  3.5
Transmutations | |  1.1

Action                   |  1- 3 |  4- 6 |  7- 9 || total
-------------------------+-------+-------+-------++-------
Melee: Dagger            |    57 |   176 |       ||   233
 Cast: Sandblast         |    30 |    29 |     3 ||    62
       Stone Arrow       |     1 |    51 |     7 ||    59
       Lee's Rapid Decon |       |     2 |     1 ||     3
       Passwall          |       |     2 |       ||     2
Invok: Recite            |       |     2 |       ||     2
       Donate Gold       |       |     1 |       ||     1
       Vitalisation      |       |       |     1 ||     1
 Abil: Evoke Flight      |       |     1 |       ||     1
Evoke: Wand              |       |     5 |       ||     5
  Use: Scroll            |       |    14 |     1 ||    15
       Potion            |       |     1 |       ||     1
 Stab: Sleeping          |     3 |     7 |       ||    10
Armor: Robe              |    21 |    54 |       ||    75
       Leather armour    |       |    23 |     1 ||    24
Dodge: Dodged            |    49 |   163 |     5 ||   217
